 Dungeon Crawl Stone Soup version 0.31-a0-366-ga77b45bd9b (webtiles) character file.

Game seed: 18394836974790632857

59 MacCMillion the Ruffian (level 3, 0/30 HPs)
             Began as a Draconian Shapeshifter on July 28, 2023.
             Slain by a gnoll
             ... wielding a +0 flail
              (6 damage)
             ... on level 3 of the Dungeon.
             The game lasted 00:01:55 (1501 turns).

MacCMillion the Ruffian (Draconian Shapeshifter)    Turns: 1501, Time: 00:01:56

Health: 0/30       AC:  5    Str: 19    XL:     3   Next: 78%
Magic:  3/3        EV: 12    Int:  8    God:
Gold:   142        SH:  0    Dex: 17    Spells: 2/2 levels left

rFire   . .          .
                       - Unarmed
rCold   . . .        (no shield)
rNeg    . . .        (body armour unavailable)
rPois   .            (helmet currently unavailable)
rElec   .            (cloak currently unavailable)
rCorr   .            (gloves currently unavailable)
SInv    .            (boots currently unavailable)
Will    .....        (no amulet)
Stlth   ++           g - +6 ring of dexterity
HPRegen 0.25/turn    (no ring)
MPRegen 0.08/turn

%: no passive effects
@: beast-form
A: beast (slay +2), AC +5, unfitting armour, cold-blooded
a: Begin Untransformation


You were on level 3 of the Dungeon.
You were a hulking beast.
You visited 1 branch of the dungeon, and saw 3 of its levels.

You collected 142 gold pieces.

Inventory:

Armour
 f - a +0 pair of boots
Jewellery
 g - a +6 ring of dexterity (left hand)
Talismans
 b - a beast talisman
Scrolls
 c - 6 scrolls of identify {unknown}
 e - a scroll of amnesia {unknown}
 h - 2 scrolls of teleportation {unknown}
 k - 2 scrolls of enchant armour {unknown}
 l - a scroll of summoning {unknown}
 m - a scroll of revelation {unknown}
Potions
 a - a potion of lignification
 d - 2 potions of resistance {unknown}
 i - a potion of heal wounds {unknown}
 j - a potion of haste {unknown}


   Skills:
 + Level 2.4 Fighting
 - Level 1.7 Dodging
 * Level 4.2 Unarmed Combat
 - Level 3.0 Shapeshifting


You had 2 spell levels left.
You didn't know any spells.
Your spell library contained the following spells:

 Spells                   Type           Power      Damage    Failure   Level
 Kiss of Death            Conj/Necr      0%         2d5       41%         1
 Confusing Touch          Hex            0%         N/A       78%         3
 Dispel Undead            Necr           0%         3d6       99%         4


Dungeon Overview and Level Annotations

Branches:
Dungeon (3/15)

Altars:


Innate Abilities, Weirdness & Mutations

You are a hulking beast.
Your limbs bulge with bestial killing power. (Slay +2)
Your plain brown scales are hard. (AC +5)
You cannot fit into any form of body armour.
You are cold-blooded and may be slowed by cold attacks.


Message History

You see here a rat corpse.
There is a stone staircase leading down here.
m - a scroll labelled WEJUFA NIOSHUS You now have 142 gold pieces (gained 15).
A gnoll comes into view. It is wielding a +0 spear.
The gnoll shouts!
A gnoll is nearby!
A gnoll comes into view. It is wielding a +0 spear.
A gnoll comes into view. It is wielding a +0 flail.
The gnoll shouts!
The gnoll hits you with a +0 spear.
The gnoll shouts!
You hit the gnoll.
The gnoll is heavily wounded.
The gnoll hits you with a +0 spear.
You hit the gnoll.
The gnoll is almost dead.
The gnoll hits you with a +0 spear.
You closely miss the gnoll.
The gnoll is almost dead.
The gnoll hits you but does no damage. The gnoll closely misses you.
You punch the gnoll!
You kill the gnoll!
The gnoll hits you from afar with a +0 spear.
You are too injured to fight recklessly!
You are too injured to fight recklessly!
You are too injured to fight recklessly!
You are too injured to fight recklessly!
You barely miss the gnoll.
The gnoll hits you from afar with a +0 spear.
The gnoll barely misses you. The gnoll closely misses you.
You see here a +0 spear.
You hit the gnoll.
The gnoll is heavily wounded.
The gnoll barely misses you. The gnoll hits you with a +0 spear.
* * * LOW HITPOINT WARNING * * *
You hit the gnoll.
The gnoll is almost dead.
The gnoll hits you but does no damage. The gnoll hits you with a +0 flail.
You die...

.##..# ###.......##.......#
.##..# ...............#.#.#
.##..##
###.......######.#.#
.##...######.....<..# #.# .
..##......##........# #
.....####...........#####.#
..#### ####...##..........
..# ###..#########.. ##gh.#
###g..# ##.# .. .# .. .


You could see 2 gnolls.

Vanquished Creatures
  A gnoll (D:3)
  An adder (D:2)
  2 dart slugs (D:2)
  A worm (D:3)
  5 ball pythons
  An endoplasm (D:3)
  2 goblins
  A hobgoblin (D:1)
  7 jackals
  7 frilled lizards
  3 kobolds
  4 rats
35 creatures vanquished.

Notes
Turn   | Place    | Note
-------+----------+-------------------------------------------
     0 | D:1      | MacCMillion the Draconian Shapeshifter began the quest for
                  | the Orb.
     0 | D:1      | Reached XP level 1. HP: 16/16 MP: 1/1
   200 | D:1      | Reached XP level 2. HP: 23/23 MP: 2/2
   905 | D:2      | Reached XP level 3. HP: 29/29 MP: 3/3
  1114 | D:2      | Reached skill level 4 in Unarmed Combat
  1501 | D:3      | Slain by a gnoll

Illustrated notes

Levels and vault maps discovered:
D:1:      dpeg_arrival_more_subterranean_lakeside_camping, layout_basic,
          hex_large
D:2:      layout_basic, kennysheep_cross_room, item_on_display_a
D:3:      layout_basic, nicolae_ru_great_annihilating_truth,
          cheibriados_altar_1, nicolae_gozag_zags_fifth_avenue,
          gammafunk_temple_overflow_pools, guppyfry_early_lair_pool

Skill      XL: |  1  2  3 |
---------------+----------+-----
Fighting       | 2 |  2.4
Unarmed Combat | 4 |  4.2
Dodging        | |  1.7
Shapeshifting  | |  3.0

Action                     || total
---------------------------++-------
  Melee: Unarmed           ||    89
         Tailslap          ||     8
         Punch             ||     1
   Stab: Sleeping          ||     4
 Armour: Skin              ||    26
  Dodge: Dodged            ||    54

Table legend: (Time is in decaauts)
 A = Elapsed time spent in this place.
 B = Non-inter-level travel time spent in this place.
 C = Inter-level travel time spent in this place.
 D = Time resting spent in this place.
 E = Time spent auto-exploring this place.
 F = Levels seen in this place.
 G = Mean time per level.
                   A        B        C        D        E       F      G
               +--------+--------+--------+--------+--------+-----+--------+
         Total |   1496 |   1404 |     92 |    114 |   1054 |   3 |  498.7 |
       Dungeon |   1496 |   1404 |     92 |    114 |   1054 |   3 |  498.7 |
               +--------+--------+--------+--------+--------+-----+--------+

Top non-repeatable levels by time:
     D:2: 730 daAuts
     D:1: 612 daAuts
     D:3: 153 daAuts
